 Dungeon Crawl Stone Soup version 0.24.0-37-gcf1ca852f1 (webtiles) character file.

Game seed: 8453124587136989017, levelgen mode: deterministic

1615 theswoord the Cruncher (level 8, -2/56 HPs)
             Began as a Demonspawn Gladiator on Nov 23, 2019.
             Shot with an arrow by a centaur (4 damage)
             ... on level 6 of the Dungeon.
             The game lasted 00:07:22 (4708 turns).

theswoord the Cruncher (Demonspawn Gladiator)       Turns: 4708, Time: 00:07:23

Health: -2/56      AC: 10    Str: 17    XL:     8   Next: 64%
Magic:  0/8        EV: 10    Int: 10    God:
Gold:   318        SH:  4    Dex: 16    Spells: 7/7 levels left

rFire    + . .     SeeInvis .   A - +3 quarterstaff (chaos)
rCold    . . .     Gourm    .   (shield currently unavailable)
rNeg     . . .     Faith    .   q - +0 scale mail
rPois    +         Spirit   +   c - +0 helmet
rElec    .         Reflect  +   y - +0 cloak {rPois}
rCorr    .         Harm     .   (no gloves)
MR       .....                  r - +1 pair of boots
Stlth    ++........             s - +4 amulet of reflection
HPRegen  0.18/turn              B - ring of stealth
MPRegen  0.22/turn              (no ring)

@: lightly drained
A: claws 1, hooves 1, thin skeletal structure 1, fire resistance 1, spiny 2,
magic shield, magic regeneration
a: no special abilities


You were on level 6 of the Dungeon.
You were not hungry.

You visited 1 branch of the dungeon, and saw 6 of its levels.

You collected 318 gold pieces.

Inventory:

Hand Weapons
 a - a +1 quarterstaff
 A - a +3 quarterstaff of chaos (weapon)
Missiles
 d - 3 throwing nets (quivered)
Armour
 b - a +0 leather armour
 c - a +0 helmet (worn)
 q - a +0 scale mail (worn)
 r - a +1 pair of boots (worn)
 y - a +0 cloak of poison resistance (worn)
Jewellery
 h - an uncursed amulet of the acrobat
 s - a +4 amulet of reflection (around neck)
 t - an uncursed amulet of the gourmand
 B - a ring of stealth (left claw)
Scrolls
 p - a scroll of enchant armour
 u - a scroll of magic mapping {unknown}
 v - 2 scrolls of teleportation
 x - a scroll of amnesia
Potions
 e - 2 potions of ambrosia
 g - a potion of degeneration
 i - a potion of brilliance
 k - a potion of cancellation
 l - 3 potions of heal wounds {unknown}
 n - 2 potions of curing {unknown}
 o - 2 potions of lignification
 w - a potion of flight {unknown}
Comestibles
 f - 9 rations
 z - 14 chunks of flesh


   Skills:
 - Level 2.0(1.7) Fighting
 + Level 10.4(10.0) Staves
 - Level 1.7(1.5) Throwing
 - Level 2.6(2.4) Dodging


You had 7 spell levels left.
You didn't know any spells.
Your spell library contained the following spells:

 Spells                   Type           Power        Failure   Level  Hunger
 Magic Dart               Conj           #...         80%         1    ##.....
 Blink                    Tloc           N/A          91%         2    ###....
 Call Imp                 Summ           #.......     91%         2    ###....
 Slow                     Hex            #.......     91%         2    ###....
 Conjure Flame            Conj/Fire      #.......     99%         3    ####...
 Mephitic Cloud           Conj/Pois/Air  #.......     99%         3    ####...


Dungeon Overview and Level Annotations

Branches:
Dungeon (6/15)
 Temple: D:4-7

Altars:
Ashenzari
Fedhas
Makhleb
Qazlal
Sif Muna
Uskayaw
The Shining One


Innate Abilities, Weirdness & Mutations

You have sharp fingernails.
You have a somewhat thin skeletal structure. (Dex +2, Stealth)
You are mostly covered in sharp spines.
When hurt, damage is shared between your health and your magic reserves.
You regenerate magic rapidly.
You have large cloven feet.
Your flesh is heat resistant. (rF+)


Message History

The orc wizard flickers and vanishes!
Deactivating autopickup; reactivate with Ctrl-A.
Your scale mail prevents you from hitting the centaur.
The centaur is moderately wounded.
The centaur hits you.
* * * LOW HITPOINT WARNING * * *
The wight hits you with a cursed +4 great sword.
* * * LOW HITPOINT WARNING * * *
You feel drained.
It was a potion of cancellation.
Your magical effects are unravelling.
You feel magically purged.
You feel yourself slow down. The centaur is struck by your spines.
The centaur barely misses you.
The orc priest invokes the aid of Beogh against you.
Beogh smites you!
* * * LOW HITPOINT WARNING * * *
The centaur wields a +0 shortbow.
The centaur shoots an arrow.
The arrow hits you.
You die...

_..........######
8_..........>....
_.......[..###
...####.##...## ...#
#.####..## #### #.#
##..### #.# ##...#
#.# ###(## #.#
#@.#######.. #.#
#?.........# #.#
#zc.)..#####
#######{.....#
#z...((o........
....###....z........
. ...#.......####
...###......## ....#
#..%..##


You could see a centaur, 2 wights and an orc priest.

Vanquished Creatures
  A hornet zombie (D:5)
  An orc warrior (D:5)
  2 ice beasts (D:5)
  A centaur (D:6)
  A water moccasin zombie (D:5)
  4 crimson imps
  A bullfrog zombie (D:5)
  2 bullfrog skeletons
  Crazy Yiuf (D:5)
  4 orc priests
  2 hounds (D:6)
  2 iguanas
  5 orc wizards
  Jessica (D:3)
  5 worker ants
  A killer bee zombie (D:5)
  A hound skeleton (D:5)
  3 worker ant zombies (D:5)
  3 gnolls (D:6)
  10 adders
  2 adder zombies (D:5)
  4 dart slugs
  6 leopard geckos
  19 orcs
  A ball python (D:3)
  7 bats
  7 giant cockroaches
  4 goblins
  8 hobgoblins
  7 jackals
  2 quokkas (D:3)
  6 frilled lizards
  8 kobolds
  3 leopard gecko zombies (D:5)
  A quokka skeleton (D:5)
  19 rats
155 creatures vanquished.

Notes
Turn   | Place    | Note
-------+----------+-------------------------------------------
     0 | D:1      | theswoord the Demonspawn Gladiator began the quest for the
                  | Orb.
     0 | D:1      | Reached XP level 1. HP: 16/16 MP: 1/1
   143 | D:1      | Reached skill level 3 in Staves
   205 | D:1      | Gained mutation: You are partially covered in sharp spines.
                  | [demonic ancestry]
   205 | D:1      | Reached XP level 2. HP: 21/22 MP: 2/2
   471 | D:1      | Found a glowing golden altar of the Shining One.
   495 | D:1      | Gained mutation: You have a somewhat thin skeletal
                  | structure. (Dex +2, Stealth) [demonic ancestry]
   495 | D:1      | Reached XP level 3. HP: 25/27 MP: 3/3
   662 | D:2      | Reached skill level 4 in Staves
  1006 | D:2      | Found a stormy altar of Qazlal.
  1217 | D:2      | Gained mutation: When hurt, damage is shared between your
                  | health and your magic reserves. [demonic ancestry]
  1217 | D:2      | Reached XP level 4. HP: 30/33 MP: 4/4
  1229 | D:2      | Found a shattered altar of Ashenzari.
  1553 | D:3      | Reached skill level 5 in Staves
  1671 | D:3      | Found a shimmering blue altar of Sif Muna.
  1993 | D:3      | Reached XP level 5. HP: 38/38 MP: 5/5
  2049 | D:3      | Noticed Jessica
  2056 | D:3      | Killed Jessica
  2273 | D:4      | Reached skill level 6 in Staves
  2297 | D:4      | Gained mutation: You are mostly covered in sharp spines.
                  | [demonic ancestry]
  2297 | D:4      | Reached XP level 6. HP: 44/44 MP: 6/6
  2392 | D:4      | Found a blossoming altar of Fedhas.
  2502 | D:4      | Reached skill level 7 in Staves
  2931 | D:4      | Gained mutation: You regenerate magic rapidly. [demonic
                  | ancestry]
  2931 | D:4      | Reached XP level 7. HP: 38/50 MP: 7/7
  3240 | D:5      | Entered Level 5 of the Dungeon
  3258 | D:5      | Reached skill level 8 in Staves
  3813 | D:5      | Reached skill level 9 in Staves
  3813 | D:5      | Gained mutation: You have sharp fingernails. [demonic
                  | ancestry]
  3813 | D:5      | Reached XP level 8. HP: 42/56 MP: 6/8
  3902 | D:5      | Found a hide-covered altar of Uskayaw.
  4086 | D:5      | Found a runed translucent door.
  4087 | D:5      | Noticed Crazy Yiuf
  4143 | D:5      | Killed Crazy Yiuf
  4395 | D:5      | HP: 1/56 [something (12)]
  4624 | D:6      | Found a glowing golden altar of the Shining One.
  4624 | D:6      | Found a hide-covered altar of Uskayaw.
  4626 | D:6      | Found a burning altar of Makhleb.
  4636 | D:6      | Reached skill level 10 in Staves
  4702 | D:6      | Gained mutation: You have large cloven feet. [potion of
                  | mutation]
  4702 | D:6      | Gained mutation: Your flesh is heat resistant. (rF+)
                  | [potion of mutation]
  4707 | D:6      | HP: 2/56 [orc priest/divine providence (14)]
  4708 | D:6      | Shot with an arrow by a centaur

Skill      XL: |  1  2  3  4  5  6  7  8 |
---------------+-------------------------+-----
Staves         | 3 4 5 6 7 9 10 | 10.4
Fighting       | |  2.0
Throwing       | |  1.7
Dodging        | |  2.6

Action                   |  1- 3 |  4- 6 |  7- 9 || total
-------------------------+-------+-------+-------++-------
Melee: Quarterstaff      |   106 |   163 |   143 ||   412
  Use: Scroll            |       |     9 |     2 ||    11
       Potion            |       |     1 |     5 ||     6
 Stab: Sleeping          |     2 |       |       ||     2
       Distracted        |     1 |       |       ||     1
  Eat: Chunk             |     1 |     6 |     2 ||     9
       Ration            |       |       |     1 ||     1
Armor: Leather armour    |    21 |       |       ||    21
       Scale mail        |     4 |    56 |    32 ||    92
       Skin              |       |       |    18 ||    18
Dodge: Dodged            |    63 |    59 |    65 ||   187
Block: Other             |     1 |    15 |    21 ||    37
       Reflection        |       |     1 |       ||     1

Levels and vault maps discovered:
D:1:      enne_arrival_octagon_isle, layout_loops_ring, tso_altar
D:2:      layout_loops_ring, marbit_many_paths, evilmike_ruin_ashenzari
D:3:      minmay_bubble_buster, layout_rooms, nicolae_overflow_crystal_walls,
          first_ration, kennysheep_generic_room_8, uniq_jessica
D:4:      minmay_evil_eye, layout_cave_pools, kennysheep_mini_moat,
          serial_rivers, chequers_serial_rivers_small_a,
          chequers_serial_rivers_marsh, chequers_serial_rivers_micro_e,
          chequers_serial_rivers_large_a, chequers_serial_rivers_small_3,
          chequers_serial_rivers_room_a, nicolae_underground_beach
D:5:      layout_loops_ring, serial_undead, serial_undead_d, serial_undead_f,
          serial_undead_d, serial_undead_f, serial_undead_e,
          lemuel_altar_in_water, uniq_crazy_yiuf_cottage
D:6:      layout_rooms, lemuel_doored_altar,
          chequers_temple_overflow_statue_of_worship,
          minmay_temple_entry_enclosed_plants, gammafunk_ghost_stat_death
